 Dungeon Crawl Stone Soup version 0.30-a0-1082-g70414cbcbb (webtiles) character file.

Game seed: 1938709062388208755

358 Arzdou the Conjurer (level 6, -2/47 HPs)
             Began as a Draconian Conjurer on Apr 15, 2023.
             Was an Initiate of Sif Muna.
             Slain by an iguana (12 damage)
             ... on level 4 of the Dungeon.
             The game lasted 00:10:14 (3896 turns).

Arzdou the Conjurer (Draconian Conjurer)            Turns: 3896, Time: 00:10:15

Health: -2/47      AC:  6    Str:  9    XL:     6   Next: 37%
Magic:  1/10       EV: 12    Int: 27    God:    Sif Muna [......]
Gold:   174        SH:  0    Dex:  9    Spells: 5/11 levels left

rFire   + . .      SeeInvis .    l - staff of fire
rCold   . . .      Faith    .    (no shield)
rNeg    . . .      Spirit   .    (body armour unavailable)
rPois   .          Reflect  .    (helmet restricted)
rElec   .          Rampage  .    (no cloak)
rCorr   .                        (no gloves)
Will    .....                    (no boots)
Stlth   ++                       (no amulet)
HPRegen 0.27/turn                q - +6 ring of intelligence
MPRegen 0.12/turn                (no ring)

@: no status effects
A: AC +6, unfitting armour, cold-blooded
a: Renounce Religion


You were on level 4 of the Dungeon.
You worshipped Sif Muna.
Sif Muna was noncommittal.
You visited 1 branch of the dungeon, and saw 4 of its levels.

You collected 174 gold pieces.

Inventory:

Hand Weapons
 j - a +0 hand axe
Magical Staves
 l - a staff of fire (weapon)
Jewellery
 q - a +6 ring of intelligence (left hand)
Wands
 y - a wand of flame (6)
Scrolls
 c - a scroll of magic mapping {unknown}
 d - a scroll of butterflies {unknown}
 e - 4 scrolls of identify {unknown}
 f - 2 scrolls of teleportation {unknown}
 i - a scroll of torment {unknown}
 n - a scroll of immolation {unknown}
 o - a scroll of enchant armour {unknown}
 r - a scroll of poison {unknown}
 s - a scroll of enchant weapon {unknown}
 t - 2 scrolls of amnesia {unknown}
 w - a scroll of fear {unknown}
Potions
 a - a potion of magic
 b - a potion of invisibility
 g - a potion of attraction {unknown}
 h - a potion of haste {unknown}
 k - a potion of curing {unknown}
 m - 2 potions of flight {unknown}
 p - 2 potions of heal wounds {unknown}
 u - a potion of degeneration {unknown}
 v - a potion of might {unknown}
 x - a potion of mutation {unknown}
 z - a potion of ambrosia {unknown}


   Skills:
 + Level 1.1 Fighting
 + Level 1.2 Staves
 + Level 3.0 Dodging
 + Level 2.4 Stealth
 - Level 0.2 Unarmed Combat
 + Level 3.1 Spellcasting
 + Level 5.5 Conjurations
 * Level 2.1 Fire Magic


You had 5 spell levels left.
You knew the following spells:

 Your Spells              Type           Power      Damage    Failure   Level
a - Magic Dart            Conj           100%       1d8       1%          1
b - Searing Ray           Conj           66%        2d6       1%          2
c - Dazzling Flash        Conj/Hex       38%        N/A       9%          3

Your spell library contained the following spells:

 Spells                   Type           Power      Damage    Failure   Level
 Sting                    Tmut/Pois      16%        1d3       9%          1
 Poisonous Vapours        Pois/Air       8%         N/A       13%         2
 Volatile Blastmotes      Fire/Tloc      28%        2d12      17%         3
 Ozocubu's Armour         Ice            4%         N/A       26%         3
 Fulminant Prism          Conj/Hex       9%         3d6       28%         4
 Iskenderun's Mystic Bla  Conj/Tloc      19%        2d6       28%         4
 Olgreb's Toxic Radiance  Pois           4%         N/A       65%         4
 Summon Ice Beast         Ice/Summ       4%         N/A       65%         4
 Summon Mana Viper        Hex/Summ       4%         N/A       94%         5
 Starburst                Conj/Fire      18%        6d7       95%         6
 Monstrous Menagerie      Summ           2%         N/A       100%        7
 Ozocubu's Refrigeration  Ice            2%         4d7       100%        7


Dungeon Overview and Level Annotations

Branches:
Dungeon (4/15)
 Temple: D:4-7

Altars:
Sif Muna
The Shining One

Annotations:
D:2 Terence


Innate Abilities, Weirdness & Mutations

Your plain brown scales are hard. (AC +6)
You cannot fit into any form of body armour.
You are cold-blooded and may be slowed by cold attacks.


Message History

Casting: Magic Dart (safe; 1% risk of failure)
Confirm with . or Enter, or press ? or * to list all spells.
Aiming: Searing Ray (safe; 1% risk of failure)
Press: ? - help, Shift-Dir - straight line, f - iguana
Aim: an iguana (83% to hit)
The searing ray hits the iguana!
The iguana is heavily wounded. (Press . to maintain the ray.)
The iguana bites you but does no damage.
The searing ray hits the iguana.
The iguana is almost dead.
The searing ray hits the orc!
You kill the orc!
Sif Muna accepts your kill. The iguana barely misses you.
The iguana attacks as you move away! The iguana bites you.
The iguana attacks as you move away! The iguana bites you!
The iguana attacks as you move away! The iguana misses you.
Casting: Searing Ray (safe; 1% risk of failure)
Confirm with . or Enter, or press ? or * to list all spells.
Aiming: Searing Ray (safe; 1% risk of failure)
Press: ? - help, Shift-Dir - straight line, f/p - iguana
Aim: an iguana (almost dead, 83% to hit)
The searing ray hits the iguana.
The iguana is almost dead. (Press . to maintain the ray.)
The iguana barely misses you.
You hit the iguana but do no damage.
You tail-slap the iguana, but do no damage.
The iguana is almost dead.
The iguana bites you!
* * * LOW HITPOINT WARNING * * *
The iguana closely misses you.
You barely miss the iguana.
The iguana is almost dead.
The iguana barely misses you. The iguana attacks as you move away!
The iguana barely misses you.
There is an open door here.
The iguana attacks as you move away! The iguana bites you!
You die...

...#..#.......#..#.#
...'..'###'###+..+.#
..##..#.'..)'.#..#.#
####..#.#o..#)#..#)#
...'##'.#._.#.'##'.#
#.##..#.#)..#.#..#.#
#.##..#.)...+(#..#.#
#..'.)'###+###'..'.#
#.##..#.......#.@###
#.##..#.......#l.#
#.####+###'###'###
#..............#
################


You could see an iguana.

Vanquished Creatures
  An ogre (D:4)
  An orc priest (D:4)
  Jessica (D:2)
  Ijyb (D:2)
  Natasha (thrice) (D:3)
  An adder (D:2)
  A worm (D:4)
  3 dart slugs
  10 orcs
  10 bats
  8 endoplasms
  A giant cockroach (D:1)
  13 goblins
  5 hobgoblins
  6 kobolds
  3 quokkas
  5 ball pythons
  3 frilled lizards
  6 rats
82 creatures vanquished.

Vanquished Creatures (others)
  8 fungi (D:3)
  2 plants (D:3)
10 creatures vanquished.

Grand Total: 92 creatures vanquished

Notes
Turn   | Place    | Note
-------+----------+-------------------------------------------
     0 | D:1      | Arzdou the Draconian Conjurer began the quest for the Orb.
     0 | D:1      | Reached XP level 1. HP: 14/14 MP: 3/3
   304 | D:1      | Reached XP level 2. HP: 20/20 MP: 0/5
   361 | D:1      | Learned a level 2 spell: Searing Ray
   990 | D:1      | Reached XP level 3. HP: 18/26 MP: 1/6
  1466 | D:2      | Reached skill level 5 in Conjurations
  1545 | D:2      | Noticed Terence
  1726 | D:2      | Noticed Jessica
  1740 | D:2      | Killed Jessica
  1741 | D:2      | Reached XP level 4. HP: 17/33 MP: 3/7
  2304 | D:3      | Noticed Natasha
  2308 | D:3      | Killed Natasha
  2338 | D:3      | Noticed Natasha
  2353 | D:3      | Killed Natasha
  2354 | D:3      | Reached skill level 1 in Fire Magic
  2354 | D:3      | Reached XP level 5. HP: 22/38 MP: 3/8
  2590 | D:3      | Noticed Ijyb
  2659 | D:3      | Paralysed by Ijyb for 3 turns
  2666 | D:2      | Paralysed by Ijyb for 2 turns
  2723 | D:2      | Killed Ijyb
  3159 | D:3      | Noticed Natasha
  3167 | D:3      | Killed Natasha
  3251 | D:3      | Found a faded altar of an unknown god.
  3472 | D:4      | Found a shimmering blue altar of Sif Muna.
  3478 | D:4      | Became a worshipper of Sif Muna the Loreminder
  3597 | D:4      | Found a glowing golden altar of the Shining One.
  3657 | D:4      | Noticed an ogre
  3664 | D:4      | Killed an ogre
  3665 | D:4      | Reached skill level 1 in Fighting
  3665 | D:4      | Reached skill level 1 in Staves
  3665 | D:4      | Reached XP level 6. HP: 47/47 MP: 1/10
  3669 | D:4      | Learned a level 3 spell: Dazzling Flash
  3849 | D:4      | Identified the +6 dagger of Matru {holy, Fly rN++}
  3896 | D:4      | Slain by an iguana

Illustrated notes

Levels and vault maps discovered:
D:1:      minmay_arrival_four_loops, layout_loops_ring, minmay_domino_2
D:2:      layout_rooms, uniq_jessica, uniq_terence
D:3:      kennysheep_the_goblin_king, layout_loops_ring,
          shapermc_ecumenical_altar_hornbeckon, uniq_ijyb, uniq_natasha
D:4:      layout_loops_ring, mainiacjoe_overflow_catwalk,
          mainiacjoe_overflow_24_doors, minitemple, serial_shops, shop,
          guppyfry_early_lair_pool

Skill      XL: |  1  2  3  4  5  6 |
---------------+-------------------+-----
Dodging        | 2 3 |  3.0
Stealth        | 2 |  2.4
Conjurations   | 5 |  5.5
Fire Magic     | 1 2 |  2.1
Fighting       | 1 |  1.1
Staves         | 1 |  1.2
Spellcasting   | 3 |  3.1
Unarmed Combat | |  0.2

Action                     |  1- 3 |  4- 6 || total
---------------------------+-------+-------++-------
  Melee: Unarmed           |    34 |       ||    34
         Tailslap          |     4 |     8 ||    12
         Staff             |    14 |    54 ||    68
         Punch             |     2 |       ||     2
   Cast: Magic Dart        |    68 |    91 ||   159
         Searing Ray       |       |     8 ||     8
         Dazzling Flash    |       |     2 ||     2
    Use: Potion            |     1 |       ||     1
 Armour: Skin              |    21 |    21 ||    42
  Dodge: Dodged            |    39 |    59 ||    98

Table legend: (Time is in decaauts)
 A = Elapsed time spent in this place.
 B = Non-inter-level travel time spent in this place.
 C = Inter-level travel time spent in this place.
 D = Time resting spent in this place.
 E = Time spent auto-exploring this place.
 F = Levels seen in this place.
 G = Mean time per level.
                   A        B        C        D        E       F      G
               +--------+--------+--------+--------+--------+-----+--------+
         Total |   3909 |   3753 |    156 |      0 |   3089 |   4 |  977.2 |
       Dungeon |   3909 |   3753 |    156 |      0 |   3089 |   4 |  977.2 |
               +--------+--------+--------+--------+--------+-----+--------+

Top non-repeatable levels by time:
     D:1: 1375 daAuts
     D:3: 1199 daAuts
     D:2: 887 daAuts
     D:4: 446 daAuts
